 Dungeon Crawl Stone Soup version 0.27-a0-819-g058290f16d (webtiles) character file.

Game seed: 518982619063982632

2540 sleeves the Cruncher (level 9, -1/47 HPs)
             Began as a Deep Elf Gladiator on Mar 29, 2021.
             Splashed by an orc's acid (13 damage)
             ... on level 6 of the Dungeon.
             The game lasted 00:10:41 (10460 turns).

sleeves the Cruncher (Deep Elf Gladiator)          Turns: 10460, Time: 00:10:42

Health: -1/47      AC:  3    Str: 14    XL:     9   Next: 30%
Magic:  11/11      EV: 15    Int: 14    God:
Gold:   624        SH:  0    Dex: 16    Spells: 8/8 levels left

rFire    . . .     SeeInvis .   a - +0 quarterstaff
rCold    . . .     Faith    .   (shield currently unavailable)
rNeg     . . .     Spirit   .   n - +0 ring mail
rPois    .         Reflect  .   c - +0 helmet
rElec    .         Harm     .   (no cloak)
rCorr    .         Rampage  .   p - +0 pair of gloves
Will     .....                  (no boots)
Stlth    +.........             (no amulet)
HPRegen  0.15/turn              (no ring)
MPRegen  0.12/turn              (no ring)

@: corroded
A: no striking features
a: no special abilities


You were on level 6 of the Dungeon.
You visited 1 branch of the dungeon, and saw 6 of its levels.

You collected 624 gold pieces.

Inventory:

Hand Weapons
 a - a +0 quarterstaff (weapon)
Armour
 c - a +0 helmet (worn)
 n - a +0 ring mail (worn)
   (You found it on level 3 of the Dungeon)
 p - a +0 pair of gloves (worn)
   (You found it on level 4 of the Dungeon)
Jewellery
 d - a ring of see invisible
   (You found it on level 5 of the Dungeon)
Wands
 q - a wand of paralysis (2)
   (You found it on level 5 of the Dungeon)
 s - a wand of flame (9)
   (You found it on level 5 of the Dungeon)
Scrolls
 e - 5 scrolls of identify {unknown}
 g - 2 scrolls of amnesia {unknown}
 i - a scroll of vulnerability {unknown}
 k - a scroll of blinking {unknown}
 l - 2 scrolls of teleportation {unknown}
 o - a scroll of enchant armour {unknown}
 r - a scroll of fear {unknown}
Potions
 b - 3 potions of heal wounds {unknown}
 f - a potion of haste
 h - 3 potions of flight {unknown}
 j - a potion of curing {unknown}
 m - a potion of magic {unknown}


   Skills:
 - Level 1.5 Fighting
 + Level 9.1 Staves
 - Level 2.0 Throwing
 + Level 8.8 Dodging
 + Level 7.1 Evocations


You had 8 spell levels left.
You didn't know any spells.
Your spell library was empty.

Dungeon Overview and Level Annotations

Branches:
Dungeon (6/15)
 Temple: D:4-7

Altars:
Dithmenos
Fedhas
Gozag
Kikubaaqudgha
Qazlal

Annotations:
D:6 Grinder, Maggie


Message History

You now have 189 gold pieces (gained 11).
You now have 195 gold pieces (gained 6).
You now have 202 gold pieces (gained 7).
You now have 213 gold pieces (gained 11).
You now have 226 gold pieces (gained 13).
You now have 236 gold pieces (gained 10).
You now have 251 gold pieces (gained 15).
You open the door.
There is an open door here.
You open the door.
An ufetubus comes into view.
The ufetubus shouts!
A white imp comes into view.
An orc comes into view. It is wielding a +0 club.
An ogre comes into view. It is wielding a +0 giant club.
Found 76 gold pieces.
There are monsters nearby!
There are monsters nearby!
There are monsters nearby!
The ogre shouts!
The ufetubus hits you but does no damage. x2
You barely miss the ufetubus.
The ufetubus hits you but does no damage.
The ufetubus barely misses you. The ufetubus barely misses you.
The ufetubus hits you but does no damage.
The ufetubus barely misses you. The ufetubus closely misses you.
There is an open door here.
The ufetubus hits you but does no damage.
The ufetubus hits you. The ufetubus hits you. The ufetubus barely misses you.
The ufetubus hits you but does no damage.
The ufetubus closely misses you.
You see here 17 stones.
The ufetubus hits you but does no damage.
The ufetubus closely misses you.
The white imp shouts, "Get thee hence, thou frail fool-born flim-flammer!"
The ufetubus hits you. The ufetubus completely misses you.
There is a large open door here.
The ufetubus closely misses you. The ufetubus misses you.
Things that are here:
a +0 hand axe; a +0 leather armour; an orc corpse You hit the ufetubus.
The ufetubus is almost dead.
The ufetubus barely misses you.
The ufetubus hits you but does no damage.
The ufetubus barely misses you. x2
You hit the ufetubus.
The ufetubus is almost dead.
The white imp gestures at you. The puff of frost hits you!
Aiming: Throw Flame
Press: ? - help, Shift-Dir - straight line, f - white imp
Aim: a white imp (26% to evade)
The puff of flame hits the white imp!
The white imp is burned terribly!
You kill the white imp!
Aiming: Throw Flame
Press: ? - help, Shift-Dir - straight line, f - ufetubus
Aim: an ufetubus (almost dead, 43% to evade)
The puff of flame hits the ufetubus!!
The ufetubus is burned terribly!
You kill the ufetubus!
Unknown command.
Aiming: Throw Flame
Press: ? - help, Shift-Dir - straight line, f - ogre
Aim: an ogre, wielding a +0 giant club (12% to evade)
The puff of flame hits the ogre!
The ogre is heavily wounded.
Aiming: Throw Flame
Press: ? - help, Shift-Dir - straight line, f/p - ogre
Aim: an ogre, wielding a +0 giant club (heavily wounded, 12% to evade)
The puff of flame hits the ogre!
The ogre is almost dead.
Aiming: Throw Flame
Press: ? - help, Shift-Dir - straight line, f/p - ogre
Aim: an ogre, wielding a +0 giant club (almost dead, 12% to evade)
The puff of flame hits the ogre.
You kill the ogre!
Your Staves skill increases to level 8!
Unknown command.
The orc closely misses you.
You sock the orc!
You kill the orc!
Things that are here:
a +0 club; a +0 giant club; an ogre corpse
Things that are here:
a +0 hand axe; a +0 leather armour; an orc skeleton
There is a large open door here.
There is an open door here.
There is an open door here.
You now have 263 gold pieces (gained 12).
You now have 277 gold pieces (gained 14).
You now have 292 gold pieces (gained 15).
You now have 304 gold pieces (gained 12).
You now have 312 gold pieces (gained 8).
Key pressed, stopping explore.
You now have 327 gold pieces (gained 15).
You open the door.
There is an open door here.
You now have 341 gold pieces (gained 14).
You now have 351 gold pieces (gained 10).
You now have 367 gold pieces (gained 16).
There is an open door here.
There is an open door here.
As you open the door, it creaks loudly!
An adder and a bullfrog come into view.
The bullfrog gives a loud, deep croak!
Found 44 gold pieces and a scroll labelled VOWIRH APUIMUL.
There are monsters nearby!
There are monsters nearby!
There are monsters nearby!
The bullfrog hits you.
You hit the bullfrog but do no damage. The bullfrog misses you.
You closely miss the bullfrog. The bullfrog barely misses you.
You closely miss the bullfrog. The bullfrog hits you.
You hit the bullfrog.
The bullfrog is lightly wounded.
The bullfrog hits you. x2
You barely miss the bullfrog.
The bullfrog is lightly wounded.
The bullfrog misses you.
You hit the bullfrog.
The bullfrog is moderately wounded.
The bullfrog hits you.
The bullfrog hits you but does no damage.
You hit the bullfrog.
The bullfrog is heavily wounded.
The bullfrog hits you.
You are too injured to fight recklessly!
You are too injured to fight recklessly!
You are too injured to fight recklessly!
You are too injured to fight recklessly!
You are too injured to fight recklessly!
You are too injured to fight recklessly!
You are too injured to fight recklessly!
You closely miss the bullfrog.
The bullfrog is heavily wounded.
The bullfrog hits you but does no damage.
You hit the bullfrog.
The bullfrog is heavily wounded.
The bullfrog misses you. x2
You closely miss the bullfrog.
The bullfrog is heavily wounded.
The bullfrog hits you but does no damage.
You sock the bullfrog!
You kill the bullfrog!
The adder bites you but does no damage.
You hit the adder.
The adder is moderately wounded.
The adder completely misses you.
You barely miss the adder.
The adder is lightly wounded.
The adder bites you.
You hit the adder.
The adder is heavily wounded.
The adder closely misses you.
You sock the adder!
You kill the adder!
There is an open door, spattered with blood here.
You see here a bullfrog corpse.
You start resting.
HP restored.
You now have 376 gold pieces (gained 9).
You now have 392 gold pieces (gained 16).
You now have 396 gold pieces (gained 4).
You now have 411 gold pieces (gained 15).
l - 2 scrolls labelled VOWIRH APUIMUL (gained 1)
You open the door.
A howler monkey comes into view.
The howler monkey howls!
You hear an angry growl. x2
A hound zombie comes into view.
A black bear comes into view.
Found 38 gold pieces and 10 stones.
There are monsters nearby!
There are monsters nearby!
There are monsters nearby!
The howler monkey hoots and howls with incredible vigour!
An ice beast comes into view.
The howler monkey misses you.
You hear a shout! x2
Found 55 gold pieces.
There is an open door, spattered with blood here.
You see here a bullfrog corpse.
The howler monkey barely misses you.
You barely miss the howler monkey. The howler monkey barely misses you.
You barely miss the howler monkey. The howler monkey closely misses you.
You closely miss the howler monkey.
The howler monkey hoots and howls with incredible vigour!
You hit the howler monkey.
The howler monkey is moderately wounded.
The howler monkey hits you.
You hit the howler monkey.
The howler monkey is moderately wounded.
The howler monkey hits you.
You barely miss the howler monkey.
The howler monkey is moderately wounded.
A black bear comes into view.
The howler monkey hoots and howls with incredible vigour!
You sock the howler monkey!
The howler monkey is severely wounded.
The howler monkey hits you.
You closely miss the howler monkey.
The howler monkey is severely wounded.
The howler monkey hits you but does no damage.
You sock the howler monkey!
You kill the howler monkey!
Aiming: Mindburst
Press: ? - help, Shift-Dir - straight line, f - black bear
Aim: a black bear (chance to affect: 84%)
The black bear's mind is blasted!
The black bear closely misses you. The black bear claws you.
The black bear misses you.
The black bear bites you but does no damage.
The black bear closely misses you. The black bear claws you.
There is an open door here.
There is a large open door here.
Things that are here:
a +0 hand axe; a +0 leather armour You hit the black bear but do no damage.
The black bear is moderately wounded.
You thump the black bear!
The black bear is heavily wounded.
The black bear bites you but does no damage.
The black bear claws you. x2
You sock the black bear!
The black bear is almost dead.
The black bear completely misses you. x2
The black bear claws you but does no damage.
You sock the black bear!
You kill the black bear!
Things that are here:
a +0 club; a +0 giant club; an ogre skeleton
Aiming: Throw Flame
Press: ? - help, Shift-Dir - straight line, f - ice beast
Aim: an ice beast (26% to evade)
The puff of flame misses the ice beast.
The puff of flame hits the black bear!
The black bear is moderately wounded.
The ice beast closely misses you.
Aiming: Throw Flame
Press: ? - help, Shift-Dir - straight line, f/p - ice beast
Aim: an ice beast (26% to evade)
The puff of flame misses the ice beast.
The puff of flame hits the black bear.
The black bear is heavily wounded.
The ice beast hits you. The ice beast freezes you!
* * * LOW HITPOINT WARNING * * *
Throw: throwing net
Press: ? - help, Q - select action, (/) - cycle Shift-Dir - straight line, f/p - ice beast
Aim: an ice beast (60% to hit)
You throw a throwing net. The throwing net hits the ice beast.
The ice beast is caught in the net!
The ice beast struggles against the net.
The ice beast struggles against the net.
The ice beast struggles against the net.
The ice beast struggles against the net.
The ice beast struggles against the net.
The ice beast struggles against the net.
The net rips apart, and the ice beast comes free!
Aiming: Throw Flame
Press: ? - help, Shift-Dir - straight line, f/p - ice beast
Aim: an ice beast (26% to evade)
The puff of flame hits the ice beast.
The ice beast melts!
The ice beast is lightly wounded.
Aiming: Throw Flame
Press: ? - help, Shift-Dir - straight line, f/p - ice beast
Aim: an ice beast (lightly wounded, 26% to evade)
The puff of flame misses the ice beast.
The puff of flame hits the black bear!
The black bear is severely wounded.
Aiming: Throw Flame
Press: ? - help, Shift-Dir - straight line, f/p - ice beast
Aim: an ice beast (lightly wounded, 26% to evade)
The puff of flame hits the ice beast!
The ice beast melts!
The ice beast is severely wounded.
Aiming: Throw Flame
Press: ? - help, Shift-Dir - straight line, f/p - ice beast
Aim: an ice beast (severely wounded, 26% to evade)
The puff of flame hits the ice beast!
The ice beast melts!
The ice beast is almost dead.
Aiming: Throw Flame
Press: ? - help, Shift-Dir - straight line, f/p - ice beast
Aim: an ice beast (almost dead, 26% to evade)
The puff of flame hits the ice beast!
The ice beast melts!
You kill the ice beast!
Your Evocations skill increases to level 6!
Aiming: Throw Flame
Press: ? - help, Shift-Dir - straight line, f - black bear
Aim: a black bear (severely wounded, 19% to evade)
The puff of flame misses the black bear.
The black bear goes berserk!
Aiming: Throw Flame
Press: ? - help, Shift-Dir - straight line, f/p - black bear
Aim: a black bear (severely wounded, berserk, 19% to evade)
The puff of flame misses the black bear.
The puff of flame misses the hound zombie.
Aiming: Mindburst
Press: ? - help, Shift-Dir - straight line, f/p - black bear
Aim: a black bear (severely wounded, berserk, chance to affect: 85%)
The black bear's mind is blasted.
The black bear barely misses you.
The black bear claws you but does no damage.
The black bear barely misses you.
Aiming: Mindburst
Press: ? - help, Shift-Dir - straight line, f/p - black bear
Aim: a black bear (almost dead, berserk, chance to affect: 85%)
The black bear's mind is blasted!!
You blow up the black bear!
You sock the hound zombie!
The hound zombie is moderately damaged.
The hound zombie barely misses you.
You barely miss the hound zombie.
The hound zombie is moderately damaged.
The hound zombie bites you.
* * * LOW HITPOINT WARNING * * *
You hit the hound zombie.
The hound zombie is moderately damaged.
The hound zombie closely misses you.
You hit the hound zombie.
The hound zombie is heavily damaged.
The hound zombie bites you but does no damage.
You hit the hound zombie.
The hound zombie is heavily damaged.
The hound zombie closely misses you.
You hit the hound zombie.
The hound zombie is severely damaged.
The hound zombie barely misses you.
You barely miss the hound zombie.
The hound zombie is severely damaged.
The hound zombie barely misses you. The hound zombie misses you.
You closely miss the hound zombie.
The hound zombie is severely damaged.
The hound zombie barely misses you.
You thump the hound zombie!
You destroy the hound zombie!
You start resting.
HP restored.
Things that are here:
a +0 club; a +0 giant club
Things that are here:
a +0 hand axe; a +0 leather armour A hound zombie comes into view.
A hound zombie is nearby!
A hound zombie is nearby!
A hound zombie is nearby!
A hound zombie is nearby!
There is a large open door here.
You thump the hound zombie!
The hound zombie is heavily damaged.
The hound zombie misses you.
You hit the hound zombie.
The hound zombie is severely damaged.
The hound zombie closely misses you.
You hit the hound zombie.
The hound zombie is almost destroyed.
The hound zombie closely misses you.
You hit the hound zombie.
You destroy the hound zombie!
An orc comes into view. It is wielding a +0 hand axe.
You hit the orc but do no damage. The orc hits you but does no damage.
An orc comes into view. It is wielding a +0 war axe.
The orc shouts!
You hit the orc but do no damage. The orc hits you but does no damage.
There are monsters nearby!
There are monsters nearby!
There are monsters nearby!
You completely miss the orc. You hit the orc but do no damage.
The orc barely misses you.
You barely miss the orc. The orc completely misses you.
You thump the orc!
You kill the orc!
The orc misses you.
A quokka comes into view.
Things that are here:
a +0 hand axe; a +0 chain mail; an orc corpse You hit the orc.
The orc is heavily wounded.
You sock the orc!
You kill the orc!
Things that are here:
a +0 war axe; 34 gold pieces; an orc corpse You closely miss the quokka.
The quokka closely misses you.
You hit the quokka.
The quokka is moderately wounded.
The quokka bites you but does no damage.
You barely miss the quokka.
The quokka is moderately wounded.
The quokka closely misses you.
You thump the quokka!
You kill the quokka!
No target in view!
No target in view!
No target in view!
No target in view!
No target in view!
No target in view!
No target in view!
You now have 445 gold pieces (gained 34).
Things that are here:
a +0 war axe; an orc corpse You see here a quokka corpse.
There is an open door here.
You see here a howler monkey skeleton.
A centaur skeleton comes into view.
A centaur skeleton is nearby!
A centaur skeleton is nearby!
A centaur skeleton is nearby!
You hit the centaur skeleton.
The centaur skeleton is lightly damaged.
The centaur skeleton hits you.
The centaur skeleton kicks you but does no damage.
You thump the centaur skeleton!
The centaur skeleton is moderately damaged.
The centaur skeleton completely misses you.
The centaur skeleton kicks you but does no damage.
You hit the centaur skeleton.
The centaur skeleton is heavily damaged.
The centaur skeleton closely misses you.
The centaur skeleton kicks you but does no damage.
You hit the centaur skeleton.
The centaur skeleton is severely damaged.
The centaur skeleton closely misses you. x2
You sock the centaur skeleton!
You destroy the centaur skeleton!
Your Dodging skill increases to level 8!
No target in view!
No target in view!
No target in view!
No target in view!
No target in view!
No target in view!
No target in view!
There is an open door, spattered with blood here.
There is an open door here.
You now have 456 gold pieces (gained 11).
You now have 469 gold pieces (gained 13).
You now have 483 gold pieces (gained 14).
You now have 503 gold pieces (gained 20).
You now have 524 gold pieces (gained 21).
You now have 538 gold pieces (gained 14).
There is an open door here.
You now have 551 gold pieces (gained 13).
You now have 562 gold pieces (gained 11).
d - a ring of see invisible You now have 580 gold pieces (gained 18).
h - 2 dark potions (gained 1)
You now have 589 gold pieces (gained 9).
Done exploring.
Done exploring.
Done exploring.
Done exploring.
Done exploring.
(D) Dungeon
Where to? (Enter - D:4 @ (x,y), ? - help)
There is an open door here.
There is an open door here.
There is an open door, spattered with blood here.
You see here a howler monkey skeleton.
There is an open door here.
There is a large open door here.
Things that are here:
a +0 hand axe; a +0 leather armour
Things that are here:
a +0 club; a +0 giant club
There is a stone staircase leading down here.
You climb downwards.
Found 15 gold pieces.
Found a stone staircase leading down.
There is a stone staircase leading up here.
Found 15 stones.
You now have 604 gold pieces (gained 15).
A phantom and Grinder come into view.
Grinder shouts!
You hear a shout!
An orc priest comes into view. It is wielding a +0 club.
There are monsters nearby!
The orc priest looks braver for a moment.
There is a stone staircase leading up here.
There are monsters nearby!
There are monsters nearby!
Grinder blinks!
The orc priest calls down the wrath of Beogh upon you.
Beogh smites you!
The orc priest invokes the aid of Beogh against you.
Beogh smites you!
* * * LOW HITPOINT WARNING * * *
The phantom hits you but does no damage.
You climb upwards.
There is a stone staircase leading down here.
You barely miss the phantom. The phantom closely misses you.
You hit the phantom.
The phantom is moderately damaged.
The phantom completely misses you.
You sock the phantom!
The phantom is heavily damaged.
You closely miss the phantom.
The phantom is heavily damaged.
The phantom closely misses you.
You closely miss the phantom.
The phantom is heavily damaged.
The phantom misses you.
You thump the phantom!
The phantom is severely damaged.
The phantom hits you.
* * * LOW HITPOINT WARNING * * *
You sock the phantom!
The phantom is almost destroyed.
The phantom closely misses you.
You barely miss the phantom.
The phantom is almost destroyed.
The phantom hits you.
* * * LOW HITPOINT WARNING * * *
You hit the phantom.
You destroy the phantom!
You start resting.
HP restored.
There is a stone staircase leading down here.
You climb downwards.
Level annotation: Grinder The orc priest mumbles some strange prayers to Beogh against you.
Beogh smites you!
You hear a shout!
There is a stone staircase leading up here.
The orc priest misses you. The orc priest barely misses you.
You climb upwards.
There is a stone staircase leading down here.
You hit the orc priest.
The orc priest is moderately wounded.
You hit the orc priest.
The orc priest is heavily wounded.
The orc priest hits you with a +0 club.
You closely miss the orc priest.
The orc priest is heavily wounded.
The orc priest misses you.
You closely miss the orc priest.
The orc priest is heavily wounded.
The orc priest completely misses you.
You closely miss the orc priest.
The orc priest is heavily wounded.
The orc priest completely misses you.
You hit the orc priest but do no damage.
The orc priest is heavily wounded.
The orc priest closely misses you.
You hit the orc priest but do no damage.
The orc priest is heavily wounded.
The orc priest barely misses you.
You hit the orc priest but do no damage.
The orc priest is heavily wounded.
The orc priest closely misses you.
You hit the orc priest but do no damage.
The orc priest is heavily wounded.
You hit the orc priest.
The orc priest is heavily wounded.
The orc priest hits you with a +0 club.
You hit the orc priest.
The orc priest is severely wounded.
The orc priest hits you with a +0 club.
You thump the orc priest!
You kill the orc priest!
Things that are here:
a +0 club; a +0 leather armour; an orc corpse You start resting.
HP restored.
There is a stone staircase leading down here.
You climb downwards.
Level annotation: Grinder
There is a stone staircase leading up here.
An orc comes into view. It is wielding a +0 war axe.
An orc is nearby!
An orc is nearby!
An orc comes into view. It is wielding a +0 dagger.
The orc shouts!
The orc closely misses you.
You sock the orc!
You kill the orc!
A bullfrog skeleton comes into view.
An orc comes into view. It is wielding a +0 club.
The orc shouts!
You hear a shout!
The orc moves out of view.
An orc comes into view. It is wielding a +0 dagger.
The orc shouts!
Found a scale mail.
Found a shadowy altar of Dithmenos.
The orc hits you but does no damage.
There is a stone staircase leading down here.
You hit the orc.
The orc is severely wounded.
The orc closely misses you.
An ice beast comes into view.
You hit the orc.
You kill the orc!
The bullfrog skeleton barely misses you.
The bullfrog skeleton hits you.
You hit the bullfrog skeleton but do no damage.
The bullfrog skeleton misses you.
You hit the bullfrog skeleton.
The bullfrog skeleton is lightly damaged.
Grinder blinks!
An ogre comes into view. It is wielding a +0 giant club.
The bullfrog skeleton hits you but does no damage.
The orc completely misses you.
The bullfrog skeleton closely misses you.
The bullfrog skeleton hits you but does no damage.
A phantom comes into view.
The bullfrog skeleton hits you.
The bullfrog skeleton closely misses you.
There is a stone staircase leading up here.
You thump the bullfrog skeleton!
The bullfrog skeleton is moderately damaged.
The bullfrog skeleton closely misses you.
You hit the bullfrog skeleton but do no damage.
The bullfrog skeleton is moderately damaged.
The bullfrog skeleton hits you.
You sock the bullfrog skeleton!
The bullfrog skeleton is severely damaged.
You climb upwards.
There is a stone staircase leading down here.
You sock the orc!
You kill the orc!
No target in view!
No target in view!
No target in view!
No target in view!
No target in view!
No target in view!
No target in view!
Unknown command.
You see here a +0 spear.
There is a stone staircase leading down here.
You climb downwards.
Level annotation: Grinder
Found a flail.
There is a stone staircase leading up here.
HP restored.
You now have 612 gold pieces (gained 8).
A jelly comes into view.
The jelly quivers.
Found 12 gold pieces.
A jelly is nearby!
A jelly is nearby!
A jelly is nearby!
You sock the jelly!
Your hands burn!
The jelly is heavily wounded.
The jelly closely misses you.
You sock the jelly!
Your hands burn!
The jelly is almost dead.
The jelly completely misses you.
You hit the jelly.
You kill the jelly!
You have reached level 9!
Your experience leads to an increase in your attributes!
Increase (S)trength, (I)ntelligence, or (D)exterity?
You feel stronger.
A wyvern zombie comes into view.
A wyvern zombie is nearby!
A wyvern zombie is nearby!
A wyvern zombie is nearby! 3 orcs come into view.
The orc shouts! x3; You hear a shout!
You hear an angry hiss.
An orc comes into view. It is wielding a +0 dagger.
The orc shouts!
The orc hits you but does no damage.
You see here 12 gold pieces.
You sock the orc!
You kill the orc!
You barely miss the orc. The orc misses you.
A hornet zombie comes into view.
A wyvern comes into view.
You closely miss the orc.
The wyvern hisses angrily.
The orc misses you.
You sock the orc!
You kill the orc!
You sock the orc!
You kill the orc!
You closely miss the orc. You closely miss the orc. The orc closely misses you.
You hit the orc.
The orc is moderately wounded.
The orc misses you.
You barely miss the orc.
The orc is moderately wounded.
The orc hits you but does no damage.
You sock the orc!
You kill the orc!
The wyvern barely misses you.
You closely miss the wyvern. The wyvern barely misses you.
Aiming: Paralyse
Press: ? - help, Shift-Dir - straight line, f - wyvern
Aim: a wyvern (chance to affect: 65%)
The wyvern suddenly stops moving!
The helpless wyvern fails to defend itself.
You sock the wyvern!
The wyvern is heavily wounded.
The helpless wyvern fails to defend itself.
You thump the wyvern!
The wyvern is almost dead.
The helpless wyvern fails to defend itself.
You sock the wyvern!
You kill the wyvern!
You hit the hornet zombie but do no damage.
The hornet zombie hits you!
You completely miss the hornet zombie.
The hornet zombie hits you but does no damage.
You barely miss the hornet zombie. The hornet zombie hits you.
You sock the hornet zombie!
The hornet zombie is moderately damaged.
The hornet zombie hits you but does no damage.
You sock the hornet zombie!
The hornet zombie is moderately damaged.
The hornet zombie completely misses you.
You hit the hornet zombie.
The hornet zombie is heavily damaged.
The hornet zombie hits you.
You barely miss the hornet zombie.
The hornet zombie is heavily damaged.
The hornet zombie hits you but does no damage.
You closely miss the hornet zombie.
The hornet zombie is heavily damaged.
The hornet zombie hits you but does no damage.
The hornet zombie hits you.
You completely miss the hornet zombie.
The hornet zombie is heavily damaged.
The hornet zombie hits you but does no damage.
You hit the hornet zombie.
The hornet zombie is heavily damaged.
The hornet zombie barely misses you.
You sock the hornet zombie!
The hornet zombie is severely damaged.
The hornet zombie closely misses you.
You closely miss the hornet zombie.
The hornet zombie is severely damaged.
The hornet zombie barely misses you.
You barely miss the hornet zombie.
The hornet zombie is severely damaged.
The hornet zombie closely misses you.
You thump the hornet zombie!
The hornet zombie is almost destroyed.
The hornet zombie barely misses you.
You thump the hornet zombie!
You destroy the hornet zombie!
You thump the wyvern zombie!
The wyvern zombie is moderately damaged.
The wyvern zombie completely misses you.
You hit the wyvern zombie.
The wyvern zombie is moderately damaged.
The wyvern zombie closely misses you.
You hit the wyvern zombie.
The wyvern zombie is moderately damaged.
The wyvern zombie bites you!
You hit the wyvern zombie but do no damage.
The wyvern zombie is moderately damaged.
The wyvern zombie bites you!
* * * LOW HITPOINT WARNING * * *
You hit the wyvern zombie.
The wyvern zombie is heavily damaged.
The wyvern zombie closely misses you.
You hit the wyvern zombie but do no damage.
The wyvern zombie is heavily damaged.
The wyvern zombie bites you but does no damage.
The wyvern zombie bites you.
* * * LOW HITPOINT WARNING * * *
You hit the wyvern zombie but do no damage.
The wyvern zombie is heavily damaged.
The wyvern zombie closely misses you.
You hit the wyvern zombie.
The wyvern zombie is heavily damaged.
The wyvern zombie closely misses you.
Okay, then.
You hit the wyvern zombie.
The wyvern zombie is severely damaged.
The wyvern zombie bites you but does no damage.
You thump the wyvern zombie!
The wyvern zombie is almost destroyed.
The wyvern zombie bites you!
* * * LOW HITPOINT WARNING * * *
Aiming: Mindburst
Press: ? - help, Shift-Dir - straight line, f - you
Okay, then.
Aiming: Paralyse
Press: ? - help, Shift-Dir - straight line, f - wyvern zombie
Aim: a wyvern zombie (almost destroyed, chance to affect: 76%)
The wyvern zombie suddenly stops moving!
The helpless wyvern zombie fails to defend itself.
You hit the wyvern zombie but do no damage.
The wyvern zombie is almost destroyed.
The helpless wyvern zombie fails to defend itself.
You hit the wyvern zombie.
The wyvern zombie is almost destroyed.
The helpless wyvern zombie fails to defend itself.
You sock the wyvern zombie!
You destroy the wyvern zombie!
You start resting.
HP restored.
You now have 624 gold pieces (gained 12).
You see here a +0 dagger.
Found a robe.
Items here: ))) [ ÷.
Found an escape hatch in the floor.
Found a leather armour.
Found a whip.
You see here a +0 leather armour.
b - 3 yellow potions (gained 1)
A wyvern skeleton comes into view.
You hit the wyvern skeleton.
The wyvern skeleton is lightly damaged.
The wyvern skeleton barely misses you.
You thump the wyvern skeleton!
The wyvern skeleton is heavily damaged.
The wyvern skeleton bites you but does no damage.
You sock the wyvern skeleton!
The wyvern skeleton is severely damaged.
The wyvern skeleton bites you. The wyvern skeleton barely misses you.
You sock the wyvern skeleton!
The wyvern skeleton is almost destroyed.
The wyvern skeleton bites you.
You sock the wyvern skeleton!
You destroy the wyvern skeleton!
No target in view!
No target in view!
No target in view!
No target in view!
A bullfrog skeleton is nearby!
A bullfrog skeleton is nearby!
A bullfrog skeleton is nearby!
A bullfrog skeleton is nearby!
The bullfrog skeleton barely misses you.
You sock the bullfrog skeleton!
The bullfrog skeleton is almost destroyed.
The bullfrog skeleton barely misses you.
You hit the bullfrog skeleton but do no damage.
The bullfrog skeleton is almost destroyed.
The bullfrog skeleton hits you but does no damage.
The bullfrog skeleton barely misses you.
You hit the bullfrog skeleton.
You destroy the bullfrog skeleton!
No target in view!
No target in view!
You see here a +0 leather armour.
A bullfrog zombie comes into view.
A bullfrog zombie is nearby!
A bullfrog zombie is nearby!
A bullfrog zombie is nearby!
The bullfrog zombie hits you.
The bullfrog zombie hits you but does no damage.
You completely miss the bullfrog zombie.
The bullfrog zombie barely misses you.
You hit the bullfrog zombie.
The bullfrog zombie is lightly damaged.
The bullfrog zombie hits you.
You hit the bullfrog zombie.
The bullfrog zombie is moderately damaged.
The bullfrog zombie barely misses you.
You thump the bullfrog zombie!
The bullfrog zombie is heavily damaged.
The bullfrog zombie closely misses you.
You hit the bullfrog zombie.
The bullfrog zombie is severely damaged.
The bullfrog zombie barely misses you.
You hit the bullfrog zombie.
The bullfrog zombie is almost destroyed.
The bullfrog zombie barely misses you.
You hit the bullfrog zombie but do no damage.
The bullfrog zombie is almost destroyed.
The bullfrog zombie hits you.
You sock the bullfrog zombie!
You destroy the bullfrog zombie!
No target in view!
No target in view!
No target in view!
No target in view!
No target in view!
Found a stone staircase leading down.
A phantom is nearby!
A phantom is nearby!
A phantom is nearby!
A phantom is nearby!
A phantom is nearby!
A phantom is nearby!
You barely miss the phantom. The phantom barely misses you.
You closely miss the phantom. You closely miss the phantom.
The phantom hits you but does no damage.
You sock the phantom!
The phantom is moderately damaged.
The phantom closely misses you.
You hit the phantom.
The phantom is moderately damaged.
The phantom hits you.
You barely miss the phantom.
The phantom is moderately damaged.
The phantom closely misses you.
You closely miss the phantom.
The phantom is moderately damaged.
The phantom misses you.
You hit the phantom.
The phantom is severely damaged.
The phantom completely misses you.
You sock the phantom!
The phantom is almost destroyed.
The phantom hits you.
You hit the phantom but do no damage.
The phantom is almost destroyed.
You hit the phantom.
You destroy the phantom!
Your Staves skill increases to level 9!
Your Evocations skill increases to level 7!
No target in view!
No target in view!
e - 5 scrolls labelled CAKHLI TATU (gained 1)
You see here a +0 scale mail.
You see here a +0 dagger.
There is a stone staircase leading down here.
You see here a +0 war axe.
The ogre shouts!
An ogre is nearby!
An ogre is nearby!
An ogre is nearby!
An ogre is nearby!
You sock the ogre!
The ogre is heavily wounded.
The ogre closely misses you.
You barely miss the ogre.
The ogre is heavily wounded.
The ogre misses you.
You closely miss the ogre.
The ogre is heavily wounded.
You hit the ogre but do no damage.
The ogre is heavily wounded.
The ogre hits you with a +0 giant club!!
You are too injured to fight recklessly!
You are too injured to fight recklessly!
You are too injured to fight recklessly!
You thump the ogre!
The ogre is severely wounded.
The ogre hits you with a +0 giant club!!
* * * LOW HITPOINT WARNING * * *
Aiming: Mindburst
Press: ? - help, Shift-Dir - straight line, f - ogre
Aim: an ogre, wielding a +0 giant club (severely wounded, chance to affect: 86%)
The ogre's mind is blasted!!!
You blow up the ogre!
The now-empty wand crumbles to dust.
You see here a +0 war axe.
You start resting.
An orc is nearby!
There is a stone staircase leading up here.
The orc shouts!
The orc throws a poisoned dart.
The poisoned dart misses you.
You climb upwards.
There is a stone staircase leading down here.
You start resting.
HP restored.
You climb downwards.
Level annotation: Grinder The orc throws a poisoned dart.
The poisoned dart hits you.
You are poisoned.
There is a stone staircase leading up here.
An orc is nearby!
You feel sick.
You feel sick. The orc completely misses you.
You thump the orc!
You kill the orc!
No target in view!
No target in view!
No target in view!
You feel sick.
You feel sick.
You feel sick.
You are no longer poisoned.
HP restored.
r - a scroll labelled AKUCRA RYTAHU
Things that are here:
a +0 club; 16 poisoned darts; a +0 leather armour You see here a +0 war axe.
You see here a +0 giant club.
Found an escape hatch in the ceiling.
h - 3 dark potions (gained 1)
Found a short sword.
You see here a +0 short sword.
You see here a +0 short sword.
Grinder is nearby!
Grinder is nearby!
Grinder shouts!
You hear a shout!
Grinder blinks!
You hear a shout!
Grinder says, "Mostly I couldn't keep them alive."
Grinder gestures at you. You resist with some effort.
An orc comes into view.
It is wielding a +0 flail and carrying a wand of acid (7).
The orc shouts!
The orc moves out of view.
Maggie the Vainglorious comes into view.
She is wielding a +4 scimitar.
You hit Grinder.
Grinder is lightly wounded.
Maggie gestures wildly while chanting.
Maggie attempts to bespell you!
You are mesmerised by Maggie!
Grinder hits you.
You writhe in agony.
You break out of your daze!
Grinder gestures at you. You resist with significant effort.
The orc zaps a wand.
The bolt of acid hits you! The acid corrodes you!
You are splashed with acid!
* * * LOW HITPOINT WARNING * * *
Grinder blinks!
The orc zaps a wand.
The bolt of acid hits you!
* * * LOW HITPOINT WARNING * * *
You are splashed with acid!
You die...

#)#####.##.#...># #.#
#.##.#....### #.#
#.##.#.....). #.#
#........#### ####
#.########.#..## ..# #.#..
......# #.# #.#.# ###.#.##
#.#.##.###.#.#####.#...(.###
#....§.o..@......###.......
#.#.##@##.##.#####. .#......
#.##.# .# ######## .....# .#
##.#### .# .@. .# ... .. ...
##


You could see Maggie and an orc.

Vanquished Creatures
  Prince Ribbit (D:5)
  A wyvern (D:6)
  Edmund (D:5)
  A water moccasin (D:4)
  An ice beast (D:5)
  A hornet zombie (D:6)
  4 black bears
  A necrophage (D:5)
  3 ogres
  2 phantoms
  A bullfrog (D:5)
  A wyvern zombie (D:6)
  A wyvern skeleton (D:6)
  2 scorpions
  A water moccasin skeleton (D:5)
  A howler monkey (D:5)
  A bullfrog zombie (D:6)
  A hound (D:5)
  2 jellies
  A centaur skeleton (D:5)
  An orc priest (D:5)
  A bullfrog skeleton (D:6)
  3 iguanas
  A hound skeleton (D:4)
  2 hound zombies (D:5)
  8 gnolls
  8 adders
  2 white imps (D:5)
  2 ufetubi
  An adder skeleton (D:4)
  A worm (D:3)
  3 dart slugs
  14 orcs
  4 bats
  7 endoplasms
  4 giant cockroaches
  6 hobgoblins
  7 jackals
  5 quokkas
  3 ball pythons
  3 frilled lizards
  5 goblins
  A kobold (D:2)
  2 rats (D:2)
122 creatures vanquished.

Notes
Turn   | Place    | Note
-------+----------+-------------------------------------------
     0 | D:1      | sleeves the Deep Elf Gladiator began the quest for the Orb.
     0 | D:1      | Reached XP level 1. HP: 12/12 MP: 3/3
   124 | D:1      | HP: 6/12 [giant cockroach (2)]
   335 | D:1      | Reached XP level 2. HP: 11/16 MP: 4/4
  1240 | D:2      | Reached skill level 4 in Staves
  1294 | D:2      | HP: 7/16 [adder (2)]
  1296 | D:2      | Reached XP level 3. HP: 6/20 MP: 5/5
  1301 | D:2      | HP: 1/20 [hobgoblin (3)]
  1950 | D:2      | HP: 8/20 [gnoll/+0 spear (10)]
  2145 | D:2      | HP: 7/20 [gnoll/+0 spear (7)]
  2536 | D:2      | Reached XP level 4. HP: 23/25 MP: 6/6
  2837 | D:2      | Reached skill level 5 in Staves
  3181 | D:3      | Found an opulent altar of Gozag.
  3988 | D:3      | Found an ancient bone altar of Kikubaaqudgha.
  4193 | D:3      | HP: 9/25 [orc/+0 flail (8)]
  4737 | D:4      | Reached skill level 6 in Staves
  4737 | D:4      | Reached XP level 5. HP: 22/29 MP: 7/7
  5009 | D:4      | Reached skill level 4 in Dodging
  5009 | D:4      | Reached skill level 1 in Evocations
  5383 | D:4      | Found a stormy altar of Qazlal.
  5481 | D:4      | Reached XP level 6. HP: 18/34 MP: 8/8
  5481 | D:4      | HP: 17/34 [ball python (1)]
  5652 | D:4      | Found a blossoming altar of Fedhas.
  5657 | D:4      | You fall into a shaft and drop 1 floor!
  5657 | D:5      | Entered Level 5 of the Dungeon
  5689 | D:5      | Noticed Edmund
  5712 | D:5      | Killed Edmund
  5713 | D:5      | Reached skill level 2 in Evocations
  5867 | D:5      | Noticed Prince Ribbit
  5882 | D:5      | Killed Prince Ribbit
  5883 | D:5      | Reached skill level 5 in Dodging
  5883 | D:5      | Reached skill level 3 in Evocations
  5883 | D:5      | Reached XP level 7. HP: 38/38 MP: 9/9
  5940 | D:5      | Reached skill level 7 in Staves
  5941 | D:5      | HP: 18/38 [poisoned by a scorpion]
  5946 | D:5      | HP: 13/38 [poisoned by a scorpion]
  6239 | D:5      | Reached skill level 4 in Evocations
  6557 | D:5      | HP: 19/38 [poisoned by an adder]
  6820 | D:5      | Reached skill level 6 in Dodging
  7157 | D:4      | HP: 19/38 [black bear (2)]
  7173 | D:4      | Reached XP level 8. HP: 24/43 MP: 10/10
  7174 | D:4      | HP: 17/43 [black bear (7)]
  7496 | D:5      | Reached skill level 5 in Evocations
  8138 | D:5      | Reached skill level 7 in Dodging
  8238 | D:5      | Reached skill level 8 in Staves
  8643 | D:5      | HP: 17/43 [ice beast (11)]
  8656 | D:5      | Reached skill level 6 in Evocations
  8661 | D:5      | HP: 16/43 [hound zombie (3)]
  8904 | D:5      | Reached skill level 8 in Dodging
  9024 | D:6      | Noticed Grinder
  9032 | D:6      | HP: 15/43 [orc priest/divine providence (16)]
  9041 | D:5      | HP: 15/43 [phantom (1)]
  9391 | D:6      | Found a shadowy altar of Dithmenos.
  9460 | D:6      | Reached XP level 9. HP: 42/47 MP: 11/11
  9507 | D:6      | HP: 17/47 [wyvern zombie (8)]
  9513 | D:6      | HP: 1/47 [wyvern zombie (11)]
 10044 | D:6      | Reached skill level 9 in Staves
 10044 | D:6      | Reached skill level 7 in Evocations
 10102 | D:6      | HP: 8/47 [ogre/+0 giant club (18)]
 10454 | D:6      | Noticed Maggie
 10456 | D:6      | HP: 21/47 [acid (12)]
 10460 | D:6      | Splashed by an orc's acid

Illustrated notes

Levels and vault maps discovered:
D:1:      amcnicky_arrival_double_pillar, layout_basic
D:2:      layout_loops_corners, grunt_ministairs_11
D:3:      layout_basic, lemuel_crystal_altar, lemuel_doored_altar
D:4:      layout_loops_ring, lemuel_round_altar,
          nicolae_qazlal_general_emergency
D:5:      minmay_polygon_palace, layout_loops_ring, grunt_ministairs_12,
          kennysheep_small_square, uniq_prince_ribbit1, uniq_edmund
D:6:      layout_loops_ring, slow_altar_2, basic_altar, uniq_grinder,
          uniq_maggie

Skill      XL: |  1  2  3  4  5  6  7  8  9 |
---------------+----------------------------+-----
Staves         | 4 6 7 8 9 |  9.1
Dodging        | 4 5 6 8 |  8.8
Evocations     | 1 3 4 6 7 |  7.1
Fighting       | |  1.5
Throwing       | |  2.0

Action                   |  1- 3 |  4- 6 |  7- 9 || total
-------------------------+-------+-------+-------++-------
Melee: Quarterstaff      |    89 |   194 |   278 ||   561
Throw: Throwing net      |     2 |       |     1 ||     3
Evoke: Wand              |       |     6 |    27 ||    33
  Use: Potion            |     1 |       |       ||     1
 Stab: Held in net/web   |     1 |       |       ||     1
       Paralysed         |       |    29 |    29 ||    58
Armor: Leather armour    |    28 |    23 |       ||    51
       Ring mail         |       |    31 |    72 ||   103
Dodge: Dodged            |    59 |   107 |   164 ||   330

Table legend: (Time is in decaauts)
 A = Elapsed time spent in this place.
 B = Non-inter-level travel time spent in this place.
 C = Inter-level travel time spent in this place.
 D = Time resting spent in this place.
 E = Time spent auto-exploring this place.
 F = Levels seen in this place.
 G = Mean time per level.
                   A        B        C        D        E       F      G
               +--------+--------+--------+--------+--------+-----+--------+
         Total |  10434 |  10161 |    273 |   2765 |   6023 |   6 | 1739.0 |
       Dungeon |  10434 |  10161 |    273 |   2765 |   6023 |   6 | 1739.0 |
               +--------+--------+--------+--------+--------+-----+--------+

Top non-repeatable levels by time:
     D:5: 3238 daAuts
     D:4: 1729 daAuts
     D:2: 1667 daAuts
     D:3: 1473 daAuts
     D:1: 1444 daAuts
     D:6: 882 daAuts
